 Dungeon Crawl Stone Soup version 0.32-a0-893-gf85d74f360 (webtiles) character file.

Game seed: 3801436861446067708

5383 601d51SH the Cleaver (level 10, -6/82 HPs)
             Began as a Gnoll Cinder Acolyte on Apr 3, 2024.
             Was an Initiate of Nemelex Xobeh.
             Mangled by Amaemon
             ... wielding a +1 demon whip of venom
              (7 damage)
             ... on level 8 of the Dungeon on Apr 4, 2024.
             The game lasted 00:20:44 (8920 turns).

601d51SH the Cleaver (Gnoll Cinder Acolyte)         Turns: 8920, Time: 00:20:44

Health: -6/82      AC: 16    Str: 23    XL:     10   Next: 66%
Magic:  19/19      EV:  9    Int: 19    God:    Nemelex Xobeh [......]
Gold:   400        SH:  5    Dex:  8    Spells: 21/21 levels left

rFire   . . .        w - +7 war axe of Plunder {flame, Int+5}
rCold   + . .        (no shield)
rNeg    . . .        b - +3 chain mail
rPois   +            m - +0 helmet
rElec   .            I - +0 cloak
rCorr   +            (no gloves)
SInv    .            g - +0 pair of boots
Will    .....        D - amulet of reflection Stlth
                     c - ring of resist corrosion
HPRegen 0.33/turn    L - ring "Piodusuc" {rPois rC+ Str+6}
MPRegen 0.16/turn

%: reflection
@: lethally poisoned (-6 -> -14), fire susceptible
A: fangs 1, strong nose, distributed training
a: Renounce Religion, Draw Escape, Draw Destruction, Draw Summoning


You were on level 8 of the Dungeon.
You worshipped Nemelex Xobeh.
Nemelex Xobeh was noncommittal.
You visited 2 branches of the dungeon, and saw 9 of its levels.
You also visited: Sewer.

You collected 400 gold pieces.

Inventory:

Hand Weapons
 f - a +3 great sword
 w - the +7 war axe of Plunder (weapon) {flame, Int+5}
   (You found it on level 6 of the Dungeon)

   Int+5:     It affects your intelligence (+5).
 K - a +3 morningstar
 N - a +3 quarterstaff of chaos
Missiles
 z - 5 poisoned darts (quivered)
Armour
 b - a +3 chain mail (worn)
 g - a +0 pair of boots (worn)
 m - a +0 helmet (worn)
 r - a +0 plate armour
 I - a +0 cloak (worn)
Jewellery
 c - a ring of resist corrosion (left hand)
 D - an amulet of reflection (around neck)
 L - the ring "Piodusuc" (right hand) {rPois rC+ Str+6}
   (You found it on level 6 of the Dungeon)

   [ring of strength]

   Str+6:     It affects your strength (+6).
   rC+:       It protects you from cold.
   rPois:     It protects you from poison.
Talismans
 H - a beast talisman
Wands
 a - a wand of flame (9)
 o - a wand of mindburst (8)
 x - a wand of warping (10)
Scrolls
 d - 8 scrolls of identify {unknown}
 h - a scroll of butterflies {unknown}
 i - 2 scrolls of poison {unknown}
 k - a scroll of enchant armour {unknown}
 n - 4 scrolls of teleportation {unknown}
 p - 2 scrolls of immolation {unknown}
 q - a scroll of enchant weapon {unknown}
 s - a scroll of fog {unknown}
 v - a scroll of vulnerability {unknown}
 y - 2 scrolls of brand weapon {unknown}
 B - a scroll of fear {unknown}
 M - a scroll of revelation {unknown}
 O - a scroll of acquirement {unknown}
Potions
 e - 6 potions of haste {unknown}
 j - 6 potions of curing {unknown}
 l - 3 potions of brilliance {unknown}
 t - a potion of cancellation {unknown}
 u - 3 potions of might {unknown}
 A - a potion of ambrosia {unknown}
 C - 2 potions of berserk rage {unknown}
 E - a potion of invisibility {unknown}
 F - 2 potions of mutation {unknown}
 G - a potion of degeneration {unknown}
 J - a potion of attraction {unknown}


   Skills:
 + Level 8.8 Fighting
 + Level 5.7 Short Blades
 + Level 5.7 Long Blades
 + Level 8.8 Axes
 + Level 5.7 Maces & Flails
 + Level 5.7 Polearms
 + Level 5.7 Staves
 + Level 5.7 Ranged Weapons
 + Level 5.7 Throwing
 + Level 5.7 Armour
 + Level 5.7 Dodging
 + Level 5.7 Stealth
 + Level 5.7 Shields
 + Level 5.7 Unarmed Combat
 + Level 6.4 Spellcasting
 + Level 4.7 Conjurations
 + Level 4.7 Hexes
 + Level 4.7 Summonings
 + Level 4.7 Necromancy
 + Level 4.7 Translocations
 + Level 7.3 Fire Magic
 + Level 4.7 Ice Magic
 + Level 4.7 Air Magic
 + Level 4.7 Earth Magic
 + Level 4.7 Alchemy
 + Level 6.2 Invocations
 + Level 5.7 Evocations
 + Level 5.2 Shapeshifting


You had 21 spell levels left.
You didn't know any spells.
Your spell library contained the following spells:

 Spells                   Type           Power      Damage    Failure   Level
 Scorch                   Fire           66%        2d7       4%          2
 Necrotise                Necr           96%        1d8       9%          1
 Call Imp                 Summ           48%        N/A       12%         2
 Sublimation of Blood     Necr           24%        N/A       12%         2
 Vampiric Draining        Necr           24%        2d7       24%         3
 Martyr's Knell           Necr/Summ      24%        N/A       63%         4
 Curse of Agony           Necr           24%        N/A       92%         5
 Summon Hydra             Summ           12%        N/A       100%        7


Dungeon Overview and Level Annotations

Branches:
Dungeon (8/15)             Temple (1/1) D:7           Sewer (visited)
   Lair: D:8-11

Altars:
Ashenzari
Cheibriados
Dithmenos
Elyvilon
Fedhas
Gozag
Hepliaklqana
Kikubaaqudgha
Makhleb
Nemelex Xobeh
Okawaru
Qazlal
Ru
Sif Muna
Trog
Uskayaw
Vehumet
Wu Jian
Xom
Zin
The Shining One

Shops:
D:4 [

Annotations:
D:4 2 transporters
D:8 Amaemon


Innate Abilities, Weirdness & Mutations

You have very sharp teeth.
Your uncanny sense of smell can sniff out nearby items.
Your experience applies equally to all skills.


Message History

You feel very sick.
Amaemon hits you with a +1 demon whip of venom!
Amaemon claws you but does no damage. You block Amaemon's attack.
You closely miss Amaemon.
Amaemon is moderately wounded.
You feel very sick.
Amaemon hits you with a +1 demon whip of venom.
Amaemon claws you but does no damage. Amaemon tail-slaps you.
You barely miss Amaemon.
Amaemon is moderately wounded.
You feel sick. Amaemon barely misses you. Amaemon claws you but does no damage.
Amaemon barely misses you.
You hit Amaemon. You burn Amaemon. You bite Amaemon.
Amaemon is heavily wounded.
You feel sick. Amaemon closely misses you. Amaemon claws you.
You block Amaemon's attack.
You closely miss Amaemon.
Amaemon is heavily wounded.
You feel sick.
Amaemon's tail lashes.
Amaemon hits you but does no damage.
You are more poisoned.
Amaemon claws you!
* * * LOW HITPOINT WARNING * * *
You block Amaemon's attack. The orange demon barely misses you.
You hit Amaemon. You burn Amaemon.
Amaemon is heavily wounded.
* * * LOW HITPOINT WARNING * * *
You feel very sick. Amaemon hits you but does no damage.
You block Amaemon's attack.
Amaemon tail-slaps you but does no damage.
The orange demon stings you from afar!
* * * LOW HITPOINT WARNING * * *
You completely miss Amaemon.
Amaemon is heavily wounded.
* * * LOW HITPOINT WARNING * * *
You feel very sick. Amaemon hits you but does no damage. Amaemon claws you!
You die...
Your body disappears without a glow.

#........ #.......
###...... ∆ #......y
#..$..4#### #. ∆
#....yy.<.# #.
#......##.###.
.........#.....####+##
....####)#####46@....#
... .# #.......# .. ##
#.......# + #.[.....#
#### ####.....## ..#
#............ #.###
#>##.##########+##....
##.#.......[#..........
#..#..#####.#.#........


You could see Amaemon and an orange demon.

Vanquished Creatures
  Pikel (D:7)
  Maurice (D:7)
  Maggie (D:6)
  An unseen horror (D:7)
  Prince Ribbit (D:7)
  Sigmund (D:6)
  Menkaure (D:6)
  2 water moccasins
  2 sky beasts (D:6)
  2 ice beasts
  4 black bears
  2 orc warriors
  2 ogres
  2 centaurs (D:6)
  A phantom (D:5)
  2 kobold brigands
  2 bullfrogs
  4 scorpions
  7 wights (D:7)
  3 killer bees
  2 electric eels (D:7)
  A howler monkey (D:6)
  3 jellies
  4 hounds
  3 bombardier beetles
  3 orc priests
  A gnoll bouda (D:6)
  Crazy Yiuf (D:7)
  3 iguanas
  4 orc wizards
  15 adders
  A gnoll (D:4)
  2 river rats (D:3)
  A shadow imp (D:7)
  4 white imps
  5 ufetubi
  A dart slug (D:1)
  2 ribbon worms (Sewer)
  20 orcs
  8 endoplasms
  3 giant cockroaches
  9 goblins
  7 hobgoblins
  17 kobolds
  5 quokkas
  5 ball pythons
  4 bats
  6 frilled lizards
  7 rats
189 creatures vanquished.

Vanquished Creatures (collateral kills)
  A foxfire (D:7)
1 creature vanquished.

Vanquished Creatures (others)
  28 foxfires
28 creatures vanquished.

Grand Total: 218 creatures vanquished

Notes
Turn   | Place    | Note
-------+----------+-------------------------------------------
     0 | D:1      | 601d51SH the Gnoll Cinder Acolyte began the quest for the
                  | Orb.
     0 | D:1      | Reached XP level 1. HP: 23/23 MP: 4/4
    77 | D:1      | Reached XP level 2. HP: 10/29 MP: 5/5
   768 | D:2      | Reached XP level 3. HP: 35/35 MP: 7/7
  1292 | D:2      | Reached skill level 1 in Invocations
  1447 | D:3      | Reached skill level 1 in Short Blades
  1447 | D:3      | Reached skill level 1 in Long Blades
  1447 | D:3      | Reached skill level 1 in Maces & Flails
  1447 | D:3      | Reached skill level 1 in Polearms
  1447 | D:3      | Reached skill level 1 in Staves
  1447 | D:3      | Reached skill level 1 in Ranged Weapons
  1447 | D:3      | Reached skill level 1 in Throwing
  1447 | D:3      | Reached skill level 1 in Armour
  1447 | D:3      | Reached skill level 1 in Dodging
  1447 | D:3      | Reached skill level 1 in Stealth
  1447 | D:3      | Reached skill level 1 in Shields
  1447 | D:3      | Reached skill level 1 in Unarmed Combat
  1447 | D:3      | Reached skill level 1 in Evocations
  1449 | D:3      | Reached skill level 1 in Shapeshifting
  1449 | D:3      | Reached XP level 4. HP: 18/41 MP: 8/8
  1542 | D:3      | Found a glowing drain.
  1555 | Sewer    | Entered a sewer
  1560 | Sewer    | Reached skill level 1 in Conjurations
  1560 | Sewer    | Reached skill level 1 in Hexes
  1560 | Sewer    | Reached skill level 1 in Summonings
  1560 | Sewer    | Reached skill level 1 in Necromancy
  1560 | Sewer    | Reached skill level 1 in Translocations
  1560 | Sewer    | Reached skill level 1 in Ice Magic
  1560 | Sewer    | Reached skill level 1 in Air Magic
  1560 | Sewer    | Reached skill level 1 in Earth Magic
  1560 | Sewer    | Reached skill level 1 in Alchemy
  1758 | Sewer    | Reached XP level 5. HP: 46/47 MP: 9/9
  1897 | Sewer    | Noticed a kobold brigand
  1921 | Sewer    | Killed a kobold brigand
  2808 | D:3      | Reached XP level 6. HP: 53/53 MP: 11/11
  2997 | D:4      | Found Nohat's Armour Shoppe.
  3059 | D:4      | Found a white marble altar of Elyvilon.
  3391 | D:4      | Noticed a black bear
  3422 | D:4      | Killed a black bear
  3423 | D:4      | Reached XP level 7. HP: 31/60 MP: 12/12
  3517 | D:4      | Found a glowing silver altar of Zin.
  3951 | D:4      | Noticed a kobold demonologist
  3966 | D:4      | Found a transporter.
  3987 | D:4      | Found a transporter.
  4352 | D:5      | Entered Level 5 of the Dungeon
  4633 | D:4      | HP: 3/60 [scorpion (6)]
  4943 | D:5      | Reached XP level 8. HP: 64/67 MP: 14/14
  5000 | D:5      | Found a shimmering blue altar of Sif Muna.
  5002 | D:5      | Found a broken altar of Ashenzari.
  5060 | D:5      | Found a sacrificial altar of Ru.
  6026 | D:6      | Identified the +7 war axe of Plunder {flame, Int+5}
  6340 | D:6      | Noticed Maggie
  6354 | D:6      | Killed Maggie
  6355 | D:6      | Reached skill level 5 in Spellcasting
  6355 | D:6      | Reached XP level 9. HP: 46/74 MP: 16/16
  6531 | D:6      | Noticed Sigmund
  6534 | D:6      | Noticed Menkaure
  6539 | D:6      | Killed Menkaure
  6546 | D:6      | Killed Sigmund
  6608 | D:6      | Reached skill level 5 in Invocations
  6876 | D:6      | Identified the ring "Piodusuc" {rPois rC+ Str+6}
  7016 | D:7      | Reached skill level 5 in Short Blades
  7016 | D:7      | Reached skill level 5 in Long Blades
  7016 | D:7      | Reached skill level 5 in Maces & Flails
  7016 | D:7      | Reached skill level 5 in Polearms
  7016 | D:7      | Reached skill level 5 in Staves
  7016 | D:7      | Reached skill level 5 in Ranged Weapons
  7016 | D:7      | Reached skill level 5 in Throwing
  7016 | D:7      | Reached skill level 5 in Armour
  7016 | D:7      | Reached skill level 5 in Dodging
  7016 | D:7      | Reached skill level 5 in Stealth
  7016 | D:7      | Reached skill level 5 in Shields
  7016 | D:7      | Reached skill level 5 in Unarmed Combat
  7016 | D:7      | Reached skill level 5 in Evocations
  7016 | D:7      | Reached XP level 10. HP: 78/81 MP: 18/18
  7035 | D:7      | Found a transporter.
  7065 | D:7      | Found a transporter.
  7255 | D:7      | Found a staircase to the Ecumenical Temple.
  7493 | D:7      | Killed an unseen horror
  7807 | D:7      | Noticed Maurice
  7817 | D:7      | Something stole 335 gold
  7819 | D:7      | Killed Maurice
  7820 | D:7      | Noticed Pikel
  7827 | D:7      | Killed Pikel
  7828 | D:7      | Reached skill level 5 in Shapeshifting
  7841 | D:7      | Noticed Prince Ribbit
  7854 | D:7      | Killed Prince Ribbit
  8318 | Temple   | Entered the Ecumenical Temple
  8340 | Temple   | Fell from the grace of Ignis
  8340 | Temple   | Became a worshipper of Nemelex Xobeh the Trickster
  8550 | D:7      | Found a runed translucent door.
  8551 | D:7      | Noticed Crazy Yiuf
  8555 | D:7      | Killed Crazy Yiuf
  8753 | D:8      | Noticed an orange demon
  8754 | D:8      | Noticed Amaemon
  8919 | D:8      | HP: 4/82 [orange demon[Amaemon] (9)]
  8920 | D:8      | HP: 1/82 [poisoned by Amaemon]
  8920 | D:8      | Mangled by Amaemon

Illustrated notes

Levels and vault maps discovered:
D:1:      dpeg_arrival_simpleton_b, layout_rooms, minmay_octomino_c4
D:2:      layout_loops_ring
D:3:      layout_basic, gup_sewer_entry_bubbles
D:4:      gammafunk_wand_slinger, layout_basic, zin_treasury, elyvilon_altar_5,
          serial_shops, nicolae_shop_gibbet_a_chance, grunt_tough_drop
D:5:      layout_cave_pools, grunt_temple_overflow_open, minmay_misc_feat_rugged
D:6:      kennysheep_windowed_halls, layout_basic, uniq_sigmund, uniq_menkaure,
          uniq_maggie
D:7:      gammafunk_steamed_eel, layout_loops_ring,
          minmay_temple_entry_overgrown, serial_park_tiny_1,
          uniq_crazy_yiuf_cottage, uniq_maurice, uniq_pikel, uniq_prince_ribbit1
D:8:      layout_basic, nicolae_figureground_pulse, uniq_amaemon, uniq_erica
Temple:   nicolae_temple_elliptical

Skill      XL: |  1  2  3  4  5  6  7  8  9 10 |
---------------+-------------------------------+-----
Invocations    | 1 2 3 4 5 6 |  6.2
Short Blades   | 1 2 3 4 5 |  5.7
Long Blades    | 1 2 3 4 5 |  5.7
Maces & Flails | 1 2 3 4 5 |  5.7
Polearms       | 1 2 3 4 5 |  5.7
Staves         | 1 2 3 4 5 |  5.7
Ranged Weapons | 1 2 3 4 5 |  5.7
Throwing       | 1 2 3 4 5 |  5.7
Armour         | 1 2 3 4 5 |  5.7
Dodging        | 1 2 3 4 5 |  5.7
Stealth        | 1 2 3 4 5 |  5.7
Shields        | 1 2 3 4 5 |  5.7
Unarmed Combat | 1 2 3 4 5 |  5.7
Evocations     | 1 2 3 4 5 |  5.7
Spellcasting   | 3 4 5 6 |  6.4
Shapeshifting  | 1 2 3 4 5 |  5.2
Conjurations   | 1 2 3 4 |  4.7
Hexes          | 1 2 3 4 |  4.7
Summonings     | 1 2 3 4 |  4.7
Necromancy     | 1 2 3 4 |  4.7
Translocations | 1 2 3 4 |  4.7
Ice Magic      | 1 2 3 4 |  4.7
Air Magic      | 1 2 3 4 |  4.7
Earth Magic    | 1 2 3 4 |  4.7
Alchemy        | 1 2 3 4 |  4.7
Fighting       | 7 8 |  8.8
Axes           | 7 8 |  8.8
Fire Magic     | 6 7 |  7.3

Action                     |  1- 3 |  4- 6 |  7- 9 | 10-12 || total
---------------------------+-------+-------+-------+-------++-------
  Melee: Hand axe          |    96 |   158 |       |       ||   254
         Bite              |     5 |    24 |    46 |     5 ||    80
         Short sword       |       |   116 |   334 |       ||   450
         War axe           |       |       |    88 |    74 ||   162
  Throw: Dart              |       |       |     4 |       ||     4
 Invoke: Foxfire Swarm     |       |     1 |     1 |     1 ||     3
         Fiery Armour      |       |       |     1 |     2 ||     3
  Evoke: Wand              |       |       |       |     1 ||     1
 Armour: Robe              |    20 |       |       |       ||    20
         Scale mail        |    30 |       |       |       ||    30
         Plate armour      |    31 |   243 |   470 |    31 ||   775
         Chain mail        |       |       |       |    72 ||    72
  Dodge: Dodged            |    47 |    34 |    99 |    22 ||   202
  Block: Other             |       |       |    47 |    16 ||    63
         Reflection        |       |       |     1 |     2 ||     3

Table legend: (Time is in decaauts)
 A = Elapsed time spent in this place.
 B = Non-inter-level travel time spent in this place.
 C = Inter-level travel time spent in this place.
 D = Time resting spent in this place.
 E = Time spent auto-exploring this place.
 F = Levels seen in this place.
 G = Mean time per level.
                   A        B        C        D        E       F      G
               +--------+--------+--------+--------+--------+-----+--------+
         Total |   9065 |   8455 |    610 |   1575 |   4045 |  10 |  906.5 |
       Dungeon |   8053 |   7475 |    578 |   1402 |   3900 |   8 | 1006.6 |
        Temple |    144 |    112 |     32 |    100 |      0 |   1 |  144.0 |
         Sewer |    867 |    867 |      0 |     73 |    145 |   1 |  867.0 |
               +--------+--------+--------+--------+--------+-----+--------+

Top non-repeatable levels by time:
     D:4: 1761 daAuts
     D:7: 1736 daAuts
     D:6: 1231 daAuts
     D:5: 979 daAuts
     D:3: 929 daAuts
   Sewer: 867 daAuts
     D:2: 704 daAuts
     D:1: 649 daAuts
  Temple: 144 daAuts
     D:8: 60 daAuts
